 Dungeon Crawl Stone Soup version 0.31.0-11-ge490571c62 (webtiles) character file.

Game seed: 6638611753289262749

58 qw the Shooter (level 3, -2/20 HPs)
             Began as a Deep Elf Hunter on Feb 4, 2024.
             Slain by Grinder (8 damage)
             ... on level 3 of the Dungeon.
             The game lasted 00:00:05 (1768 turns).

qw the Shooter (Deep Elf Hunter)                    Turns: 1768, Time: 00:00:05

Health: -2/20      AC:  3    Str: 10    XL:     3   Next: 75%
Magic:  5/5        EV: 12    Int: 13    God:
Gold:   134        SH:  0    Dex: 18    Spells: 2/2 levels left

rFire   . . .        a - +1 shortbow (elec)
rCold   . . .        (shield currently unavailable)
rNeg    . . .        c - +0 leather armour
rPois   .            (no helmet)
rElec   .            (no cloak)
rCorr   .            (no gloves)
SInv    .            (no boots)
Will    .....        (no amulet)
Stlth   ++           (no ring)
HPRegen 0.23/turn    (no ring)
MPRegen 0.09/turn

%: no passive effects
@: no status effects
A: no striking features
a: no special abilities


You were on level 3 of the Dungeon.
You visited 1 branch of the dungeon, and saw 3 of its levels.

You collected 134 gold pieces.


   Skills:
 - Level 1.5 Fighting
 + Level 7.2 Ranged Weapons
 - Level 2.4 Dodging
 - Level 1.2 Stealth


You had 2 spell levels left.
You didn't know any spells.
Your spell library was empty.

Inventory:

Hand Weapons
 a - a +1 shortbow of electrocution (weapon)
Armour
 c - a +0 leather armour (worn)
Potions
 b - a potion of haste {unknown}
 d - a potion of degeneration {unknown}
 e - a potion of might
 f - a potion of heal wounds
 h - a potion of invisibility {unknown}
 i - a potion of brilliance {unknown}
 k - a potion of enlightenment {unknown}

Dungeon Overview and Level Annotations

Branches:
Dungeon (3/15)

Altars:

Annotations:
D:3 Grinder


Message History

There is a stone staircase leading down here.
You climb downwards.
There is a stone staircase leading up here.
Waypoint 2 assigned to D:3.
Grinder comes into view.
You shoot an arrow. The arrow hits Grinder!
Grinder shouts!
Grinder is moderately wounded.
You feel a little less mighty now.
You shoot an arrow. The arrow barely misses Grinder.
Grinder says, "There's only one good use for a tongue: cutting it out."
Grinder gestures at you.
You suddenly lose the ability to move!
Grinder blinks!
Grinder gestures at you. You resist with significant effort.
You can move again.
You shoot an arrow. The arrow hits Grinder.
Grinder is moderately wounded.
Grinder says, "Wait up."
You shoot an arrow. The arrow closely misses Grinder.
You shoot an arrow. The arrow closely misses Grinder.
Grinder misses you.
You shoot an arrow. The arrow hits Grinder!
Grinder is heavily wounded.
Grinder misses you.
You shoot an arrow. The arrow hits Grinder.
Lightning courses through Grinder!
Grinder is almost dead.
Grinder says, "I used to sell toenails on the black market."
Grinder hits you.
You writhe in agony.
You shoot an arrow. The arrow barely misses Grinder.
Grinder barely misses you.
You shoot an arrow. The arrow closely misses Grinder.
Grinder hits you.
You writhe in agony.
You shoot an arrow. The arrow barely misses Grinder.
Grinder barely misses you.
You shoot an arrow. The arrow closely misses Grinder.
Grinder hits you!
You die...
Grinder says, "Hey, I wasn't done torturing you yet!"

..
#####..##
#@5......
#.##.....
#.## ...
#..## #
###...##
#......#
##.#....#
#<.....##
#.##..##


You could see Grinder.

Vanquished Creatures
  A gnoll (D:1)
  3 endoplasms (D:1)
  3 giant cockroaches (D:1)
  2 hobgoblins
  10 jackals
  A quokka (D:1)
  4 ball pythons
  6 bats
  4 goblins (D:1)
  4 kobolds
  3 rats
41 creatures vanquished.

Notes
Turn   | Place    | Note
-------+----------+-------------------------------------------
     0 | D:1      | qw the Deep Elf Hunter began the quest for the Orb.
     0 | D:1      | Reached XP level 1. HP: 12/12 MP: 3/3
     0 | D:1      | 0 ||| qw: Version: 0.3-a-160-g6735b56
     0 | D:1      | 0 ||| qw: Game counter: 4439
     0 | D:1      | 0 ||| qw: Melee chars always use a shield: true
     0 | D:1      | 0 ||| qw: God list: Okawaru
     0 | D:1      | 0 ||| qw: Allow faded altars: false
     0 | D:1      | 0 ||| qw: Do Orc after clearing Dungeon:15 true
     0 | D:1      | 0 ||| qw: Do second Lair branch before Depths: true
     0 | D:1      | 0 ||| qw: Lair rune preference: random
     0 | D:1      | 0 ||| qw: Goals: Normal
     0 | D:1      | 0 ||| PLANNING D:1-11
    63 | D:1      | 63 ||| RETREEEEATING.
    67 | D:1      | Reached XP level 2. HP: 16/16 MP: 4/4
    69 | D:1      | Reached skill level 6 in Ranged Weapons
   364 | D:1      | Reached XP level 3. HP: 20/20 MP: 5/5
   739 | D:1      | 739 ||| READING scroll labelled BIELLASCHIN.
   840 | D:1      | 840 ||| READING scroll labelled GICIEPP EMAAME.
   841 | D:1      | 841 ||| READING scroll labelled GAADUPINNE.
   842 | D:1      | 842 ||| READING scroll labelled OSO MEPSAOGG.
   842 | D:1      | 842 ||| IDENTIFYING brown potion
   844 | D:1      | 844 ||| READING 2 scrolls labelled NUUNIM ASTRAHO.
   844 | D:1      | 844 ||| BRANDING +0 shortbow.
   845 | D:1      | 845 ||| READING scroll of brand weapon.
   845 | D:1      | 845 ||| BRANDING +0 shortbow of flaming.
   846 | D:1      | 846 ||| DRINKING 2 golden potions.
   847 | D:1      | 847 ||| DROPPING scroll of butterflies.
   848 | D:1      | 848 ||| DROPPING potion of lignification.
   885 | D:2      | Reached skill level 7 in Ranged Weapons
  1267 | D:2      | Found a faded altar of an unknown god.
  1697 | D:2      | 1697 ||| READING scroll labelled FEIKHUO ANIWE.
  1698 | D:2      | 1698 ||| READING scroll labelled EMULAU UCISKA.
  1698 | D:2      | 1698 ||| ENCHANTING +0 shortbow of electrocution.
  1699 | D:2      | 1699 ||| DRINKING 2 viscous cyan potions.
  1752 | D:3      | Noticed Grinder
  1755 | D:3      | Paralysed by Grinder for 5 turns
  1768 | D:3      | Slain by Grinder

Levels and vault maps discovered:
D:1:      dpeg_arrival_lava_altar, layout_loops_cross
D:2:      layout_basic, hellmonk_ecumenical_altar_dog_temple,
          grunt_decor_fettered, palyth_stone_intersect, grunt_ministairs_6
D:3:      layout_basic, lemuel_coloured_pillars_altar, lightli_temple_of_fire,
          serial_shops, nicolae_shop_hallway_plus, minivault_19, uniq_grinder

Skill      XL: |  1  2  3 |
---------------+----------+-----
Ranged Weapons | 6 7 |  7.2
Fighting       | |  1.5
Dodging        | |  2.4
Stealth        | |  1.2

Action                     || total
---------------------------++-------
   Fire: Shortbow          ||   104
    Use: Scroll            ||     8
         Potion            ||     2
 Armour: Leather armour    ||    21
  Dodge: Dodged            ||    28

Table legend:
 A = Non-vault XP
 B = Vault XP
 C = Vault XP percentage of total XP
 D = Non-vault monster count
 E = Vault monster count
 F = Vault count percentage of total count
                 A         B        C        D         E       F
            +---------+---------+-------+---------+---------+-------
      Total |      72 |      11 |  13.3 |      35 |       6 |  14.6
            +---------+---------+-------+---------+---------+-------
        D:1 |      59 |       0 |   0.0 |      27 |       0 |   0.0
        D:2 |      13 |      11 |  45.8 |       8 |       6 |  42.9
            +---------+---------+-------+---------+---------+-------
